 Dungeon Crawl Stone Soup version 0.24.0-1-gfbc8707122 (webtiles) character file.

Game seed: 9017088693902100502, levelgen mode: deterministic

2146 Mrkan the Fighter (level 9, -7/82 HPs)
             Began as a Minotaur Fighter on Oct 25, 2019.
             Was a Believer of Uskayaw.
             Mangled by an orc warlord
             ... wielding a +0 war axe
              (19 damage)
             ... in a bailey.
             The game lasted 00:15:10 (4855 turns).

Mrkan the Fighter (Minotaur Fighter)                Turns: 4855, Time: 00:15:11

Health: -7/82      AC: 10    Str: 26    XL:     9   Next: 9%
Magic:  0/11       EV:  7    Int: 15    God:    Uskayaw [**....]
Gold:   349        SH: 12    Dex: 13    Spells: 8/8 levels left

rFire    . . .     SeeInvis .   a - +0 war axe
rCold    . . .     Gourm    .   c - +0 shield
rNeg     . . .     Faith    .   w - +0 chain mail
rPois    .         Spirit   +   (helmet restricted)
rElec    .         Reflect  .   v - scarf {Spirit}
rCorr    .         Harm     .   u - +0 pair of gloves
MR       .....                  (no boots)
Stlth    ..........             (no amulet)
HPRegen  0.23/turn              j - +5 ring of intelligence
MPRegen  0.12/turn              (no ring)

@: mighty, brilliant, hasted, very quick
A: retaliatory headbutt, horns 2
a: Stomp, Line Pass, Renounce Religion


You were in a bailey.
You worshipped Uskayaw.
Uskayaw was noncommittal.
You were very hungry.

You visited 1 branch of the dungeon, and saw 7 of its levels.
You also visited: Bailey.

You collected 349 gold pieces.

Inventory:

Hand Weapons
 a - a +0 war axe (weapon)
Missiles
 e - 27 boomerangs (quivered)
Armour
 c - a +0 shield (worn)
 u - a +0 pair of gloves (worn)
 v - a scarf of spirit shield (worn)
 w - a +0 chain mail (worn)
Jewellery
 j - a +5 ring of intelligence (left hand)
 x - a +6 ring of intelligence
 C - an uncursed amulet of the acrobat {unknown}
Wands
 y - a wand of random effects (22)
 D - a wand of enslavement (7)
 G - a wand of iceblast (7)
 I - a wand of flame (23)
Scrolls
 g - a scroll of magic mapping {unknown}
 h - 7 scrolls of identify {unknown}
 i - 3 scrolls of enchant armour {unknown}
 k - 2 scrolls of amnesia {unknown}
 m - 3 scrolls of remove curse {unknown}
 p - a scroll of immolation
 q - a scroll of fear
 z - a scroll of fog {unknown}
 A - 2 scrolls of noise {unknown}
 F - 3 scrolls of blinking {unknown}
 H - a scroll of random uselessness {unknown}
 J - a scroll of enchant weapon {unknown}
Potions
 b - 2 potions of haste
 d - 3 potions of might
 l - 2 potions of mutation {unknown}
 n - 7 potions of curing
 o - 2 potions of ambrosia {unknown}
 r - 2 potions of brilliance
 s - 3 potions of resistance
 t - a potion of cancellation {unknown}
 B - a potion of heal wounds {unknown}
 K - a potion of flight {unknown}
 L - a potion of agility
 M - a potion of magic {unknown}
Comestibles
 f - 15 rations


   Skills:
 + Level 8.3 Fighting
 + Level 7.8 Axes
 - Level 3.6 Armour
 + Level 8.3 Shields
 + Level 5.1 Invocations


You had 8 spell levels left.
You didn't know any spells.
Your spell library contained the following spells:

 Spells                   Type           Power        Failure   Level  Hunger
 Animate Skeleton         Necr           N/A          36%         1    ##.....
 Beastly Appendage        Tmut           #.....       36%         1    ##.....
 Pain                     Necr           #...         36%         1    ##.....
 Sticks to Snakes         Tmut           #.......     47%         2    ###....
 Regeneration             Chrm/Necr      #.........   69%         3    ####...
 Spider Form              Tmut/Pois      #.........   69%         3    ####...
 Vampiric Draining        Necr           #.........   69%         3    ####...
 Animate Dead             Necr           N/A          95%         4    #####..
 Ice Form                 Ice/Tmut       #.......     95%         4    #####..
 Blade Hands              Tmut           #.........   99%         5    ######.


Dungeon Overview and Level Annotations

Branches:
Dungeon (7/15)             Temple (0/1) D:7          Bailey (1/1)

Altars:
Cheibriados
Ru
Uskayaw


Innate Abilities, Weirdness & Mutations

You reflexively headbutt those who attack you in melee.
You have a pair of horns on your head.


Message History

* * * LOW HITPOINT WARNING * * *
You can now pass through a line of other dancers.
You slash the orc warlord!
The orc warlord is severely wounded.
Cornered, the orc warrior turns to fight!
You block the orc warlord's attack.
Unknown command.
Okay, then.
You barely miss the orc warlord.
The orc warlord is severely wounded.
You slash the orc warlord! You headbutt the orc warlord!
The orc warlord is almost dead.
The orc warrior no longer looks unusually strong.
The orc warlord roars a battlecry!
The orc warrior goes into a battle-frenzy!
You hit the orc warlord.
The orc warlord is almost dead.
Cornered, the gnoll turns to fight!
The orc warlord hits you with a +0 war axe!!
You die...

##### ##### ##g..##
##...# ##.....## ##.....
##.....o.#######).....
##..8..8.........).8..8
#................).....
#.....o................
#...8.@....#'''#......8
##......####≈≈≈####....
♣##.....#≈≈≈≈≈≈≈≈≈#....
♣.##..).#≈.8...8.≈#....
♣♣..###'###.......###'##
♣..(≈≈≈.#≈≈.8...8.≈≈#.≈≈
♣(..≈≈≈.#≈.........≈#.≈≈
∩(.(≈≈≈.# ....∩... #.≈≈
♣...≈≈≈.# ....... #.≈≈


You could see an orc warlord (inner flame), an orc warrior (inner flame) and a
gnoll (inner flame).

Vanquished Creatures
  Duvessa (D:5)
  3 orc warriors (Bailey)
  5 ogres
  3 bullfrogs
  Dowan (D:5)
  4 scorpions
  3 howler monkeys (D:7)
  4 crimson imps
  2 hounds
  A gnoll shaman (D:7)
  3 orc priests (D:3)
  A bullfrog zombie (D:7)
  A centaur skeleton (D:5)
  An iguana (D:4)
  5 worker ants
  2 killer bee zombies
  A howler monkey zombie (D:7)
  7 adders
  3 gnolls (D:7)
  A howler monkey skeleton (D:4)
  A shadow imp (D:7)
  2 worms (D:4)
  5 leopard geckos
  13 orcs
  5 giant cockroaches
  11 goblins
  8 hobgoblins
  9 jackals
  2 quokkas
  9 bats
  2 frilled lizards (D:1)
  18 kobolds
  A quokka zombie (D:7)
  5 rats
143 creatures vanquished.

Notes
Turn   | Place    | Note
-------+----------+-------------------------------------------
     0 | D:1      | Mrkan the Minotaur Fighter began the quest for the Orb.
     0 | D:1      | Reached XP level 1. HP: 19/19 MP: 0/0
   179 | D:1      | Reached XP level 2. HP: 22/27 MP: 1/1
   477 | D:2      | Found a sacrificial altar of Ru.
   481 | D:2      | You fall into a shaft and drop 2 floors!
   532 | D:4      | Reached XP level 3. HP: 33/33 MP: 2/2
   572 | D:3      | Reached XP level 4. HP: 33/41 MP: 3/3
   636 | D:3      | Reached skill level 5 in Shields
   812 | D:3      | Reached XP level 5. HP: 47/47 MP: 4/4
  1024 | D:3      | Reached skill level 5 in Fighting
  1093 | D:3      | Noticed a phantom
  1231 | D:2      | Found a hide-covered altar of Uskayaw.
  1243 | D:2      | Became a worshipper of Uskayaw the Reveler
  1317 | D:2      | Reached * piety under Uskayaw
  1344 | D:2      | Reached ** piety under Uskayaw
  1920 | D:4      | Reached skill level 1 in Invocations
  1936 | D:4      | Noticed an ogre
  1942 | D:4      | Killed an ogre
  1942 | D:4      | Reached XP level 6. HP: 47/56 MP: 3/6
  2201 | D:4      | Reached skill level 5 in Axes
  2428 | D:4      | Reached XP level 7. HP: 63/63 MP: 7/7
  2578 | D:5      | Entered Level 5 of the Dungeon
  2618 | D:5      | Reached *** piety under Uskayaw
  2696 | D:5      | Found a snail-covered altar of Cheibriados.
  2853 | D:5      | Noticed Duvessa
  2857 | D:5      | Noticed Dowan
  2868 | D:5      | Killed Duvessa
  2873 | D:5      | Killed Dowan
  3129 | D:6      | Reached XP level 8. HP: 70/71 MP: 9/9
  3417 | D:6      | Reached **** piety under Uskayaw
  3876 | D:7      | Found a staircase to the Ecumenical Temple.
  4382 | D:7      | Found a flagged portal.
  4438 | Bailey   | Entered a bailey
  4443 | Bailey   | Noticed an orc warlord
  4534 | Bailey   | Reached skill level 5 in Invocations
  4534 | Bailey   | Reached XP level 9. HP: 35/81 MP: 6/11
  4555 | Bailey   | Found a runed translucent gate.
  4557 | Bailey   | Found a runed translucent gate.
  4627 | Bailey   | Found a runed translucent gate.
  4855 | Bailey   | Mangled by an orc warlord

Levels and vault maps discovered:
D:1:      dpeg_arrival_tiny_c, layout_rooms, hangedman_feature_mirror,
          minivault_23
D:2:      layout_basic, nicolae_ru_sacrificial_ziggurat, old_standard_altar,
          first_ration
D:3:      mumra_celtic_spiral_tile, layout_rooms
D:4:      layout_loops_ring
D:5:      layout_rooms, cheibriados_altar_1, uniq_duvessa
D:6:      minmay_cornered_nines, layout_loops_ring, minmay_misc_feat_enclosed
D:7:      layout_loops_corners, minmay_temple_entry_large_hall, enter_bailey_3,
          serial_bayou_lagoon_a
Bailey:   bailey_axe_bossmonster_kennysheep, bailey

Skill      XL: |  1  2  3  4  5  6  7  8 |
---------------+-------------------------+-----
Shields        | 4 5 6 8 |  8.3
Fighting       | 4 5 6 8 |  8.3
Axes           | 3 4 5 6 7 |  7.8
Invocations    | 1 2 3 5 |  5.1
Armour         | |  3.6

Action                   |  1- 3 |  4- 6 |  7- 9 || total
-------------------------+-------+-------+-------++-------
Melee: War axe           |    53 |   139 |   232 ||   424
       Headbutt          |     8 |    19 |    43 ||    70
Throw: Boomerang         |       |       |    17 ||    17
       Javelin           |       |       |     4 ||     4
Invok: Stomp             |       |       |     5 ||     5
  Use: Potion            |       |       |     4 ||     4
       Scroll            |       |       |     3 ||     3
 Stab: Paralysed         |       |       |     5 ||     5
  Eat: Chunk             |       |     5 |     8 ||    13
Armor: Scale mail        |    26 |    35 |       ||    61
       Chain mail        |       |    18 |   132 ||   150
Dodge: Dodged            |    17 |    29 |    60 ||   106
Block: Shield            |    35 |    74 |   203 ||   312
